 Dungeon Crawl Stone Soup version 0.27-a0-334-g52645efa06 (webtiles) character file.

Game seed: 11851501105407612463

5315 Astera the Carver (level 10, -7/91 HPs)
             Began as a Minotaur Monk on Feb 7, 2021.
             Was a High Priest of Ru.
             Mangled by a komodo dragon (21 damage)
             ... on level 8 of the Dungeon on Feb 13, 2021.
             The game lasted 00:37:21 (12224 turns).

Astera the Carver (Minotaur Monk)                  Turns: 12224, Time: 00:37:22

Health: -7/91      AC: 12    Str: 20    XL:     10   Next: 37%
Magic:  9/9        EV:  7    Int:  7    God:    Ru [*****.]
Gold:   581        SH:  0    Dex: 18    Spells: 9/9 levels left

rFire    + . .     SeeInvis .   P - +4 scimitar
rCold    + . .     Faith    +   (no shield)
rNeg     . . .     Spirit   .   t - +0 chain mail
rPois    .         Reflect  .   (helmet restricted)
rElec    .         Harm     .   q - scarf {rC+ rF+}
rCorr    .         Rampage  .   (no gloves)
Will     .....                  m - +0 pair of boots
Stlth    ..........             Q - amulet of faith
HPRegen  0.25/turn              g - +6 ring of dexterity
MPRegen  0.11/turn              r - +4 ring of evasion

@: no status effects
A: retaliatory headbutt, horns 2, inability to use devices, hated by all,
inability to train dodging, reduced EV 1
a: Renounce Religion, Draw Out Power, Power Leap, Apocalypse


You were on level 8 of the Dungeon.
You worshipped Ru.
Ru was extremely pleased with you.
You visited 1 branch of the dungeon, and saw 10 of its levels.
You also visited: Sewer.

You collected 581 gold pieces.

Inventory:

Hand Weapons
 P - a +4 scimitar (weapon)
Missiles
 M - 76 stones (quivered)
Armour
 m - a +0 pair of boots (worn)
 q - a scarf of resistance (worn)
 t - a +0 chain mail (worn)
 C - a +0 cloak
 S - a scarf of harm
Jewellery
 g - a +6 ring of dexterity (left hand)
 r - a +4 ring of evasion (right hand)
 s - a +6 ring of strength {unknown}
 w - a +4 ring of protection {unknown}
 A - a +6 ring of strength {unknown}
 F - an amulet of regeneration
 G - a ring of ice {unknown}
 K - a ring of poison resistance {unknown}
 Q - an amulet of faith (around neck)
Scrolls
 a - a scroll of acquirement {unknown}
 d - 8 scrolls of removedness
 e - 5 scrolls of fog
 f - 4 scrolls of fear {unknown}
 i - 8 scrolls of teleportation
 j - a scroll of identify
 k - 2 scrolls of enchant weapon {unknown}
 l - 2 scrolls of enchant armour {unknown}
 u - 11 scrolls of magic mapping
 y - 2 scrolls of noise {unknown}
 D - 2 scrolls of blinking {unknown}
 H - 2 scrolls of amnesia {unknown}
 J - a scroll of torment {unknown}
 L - a scroll of immolation {unknown}
 N - a scroll of brand weapon {unknown}
 O - a scroll of random uselessness {unknown}
Potions
 c - 3 potions of haste
 h - 10 potions of heal wounds
 n - a potion of mutation {unknown}
 o - 2 potions of lignification {unknown}
 p - a potion of invisibility {unknown}
 v - a potion of degeneration {unknown}
 x - 6 potions of might
 z - 2 potions of curing {unknown}
 B - 2 potions of magic {unknown}
 E - 2 potions of flight {unknown}
 I - 2 potions of berserk rage {unknown}
 R - 3 potions of brilliance {unknown}


   Skills:
 + Level 9.2 Fighting
 + Level 11.9 Long Blades
 + Level 0.8 Throwing
 + Level 9.5 Armour
 - Level 4.0 Stealth


You had 9 spell levels left.
You didn't know any spells.
Your spell library contained the following spells:

 Spells                   Type           Power        Failure   Level
 Beastly Appendage        Tmut           0%           98%         1
 Freeze                   Ice            0%           98%         1
 Sandblast                Erth           0%           98%         1
 Passwall                 Tmut/Erth      0%           99%         2
 Wereblood                Tmut           0%           99%         2
 Frozen Ramparts          Ice            0%           100%        3
 Ozocubu's Armour         Ice            0%           100%        3
 Spider Form              Tmut/Pois      0%           100%        3
 Stone Arrow              Conj/Erth      0%           100%        3
 Hailstorm                Conj/Ice       0%           100%        4
 Ice Form                 Ice/Tmut       0%           100%        4
 Petrify                  Tmut/Erth      0%           100%        4
 Blade Hands              Tmut           0%           100%        5
 Lee's Rapid Deconstruct  Erth           0%           100%        5
 Summon Ice Beast         Ice/Summ       Unusable     N/A         4

Dungeon Overview and Level Annotations

Branches:
Dungeon (10/15)            Temple (0/1) D:4             Orc (0/2) D:9
  Sewer (visited)
   Lair: D:8-11

Altars:
Cheibriados
Dithmenos
Elyvilon
Gozag
Kikubaaqudgha
Nemelex Xobeh
Okawaru
Qazlal
Ru
Trog
Yredelemnul
The Shining One

Shops:
D:5 (

Annotations:
D:5 3 runed translucent doors, iamserjio's ghost, amateur DsTm


Innate Abilities, Weirdness & Mutations

You reflexively headbutt those who attack you in melee.
You have a pair of horns on your head.
You cannot study or use magical devices.
You are hated by all.
You cannot train Dodging skill.
You have somewhat slow reflexes. (EV -5)


Message History

The ufetubus is no longer moving slowly.
The komodo dragon hisses menacingly.
The ufetubus hits you.
The ufetubus hits you but does no damage.
There is a stone staircase leading up here.
The ufetubus barely misses you.
The ufetubus hits you but does no damage.
The komodo dragon bites you but does no damage.
The ufetubus hits you but does no damage. x2
You climb upwards.
There is a stone staircase leading down here.
The ufetubus barely misses you.
You riposte.
You closely miss the ufetubus. Your headbutt misses the ufetubus.
The ufetubus hits you but does no damage.
The komodo dragon bites you!
The ufetubus hits you but does no damage. x2
You miss the ufetubus. The ufetubus hits you.
You focus your inner power and illuminate the ufetubus in retribution!
The ufetubus hits you but does no damage.
You closely miss the ufetubus.
The ufetubus hits you but does no damage. x2
You hit the komodo dragon. Your headbutt misses the komodo dragon.
The komodo dragon is lightly wounded.
The komodo dragon barely misses you. You furiously retaliate!
You headbutt the komodo dragon.
Your chain mail prevents you from hitting the komodo dragon.
You headbutt the komodo dragon.
The komodo dragon is moderately wounded.
You hit the komodo dragon. You headbutt the komodo dragon.
The komodo dragon is moderately wounded.
The komodo dragon bites you!!
* * * LOW HITPOINT WARNING * * *
You hit the komodo dragon but do no damage.
The komodo dragon is moderately wounded.
The ufetubus stops glowing.
The komodo dragon bites you but does no damage.
You hit the komodo dragon.
The komodo dragon is moderately wounded.
The komodo dragon bites you!!
You die...

######....#.......
##.................
#...)..............
###..................
#####....####..........##
#<.##...##.>#..........#
#...#...#...#..........#
##.'#...#l5##.........##
#####....@###..........##
#...............#.......#
#......8....)...#.[#....##
#..................#.....#
#.###.....###.............
###.'#...#..##..##.#...>..
#...#...#...#..##.##....#
#>.##...##.<#.#########.#
#####...####### #...


You could see a komodo dragon and an ufetubus.

Vanquished Creatures
  2 two-headed ogres
  Prince Ribbit (D:6)
  Grinder (D:4)
  Eustachio (D:4)
  A water moccasin (D:8)
  Duvessa (D:6)
  A sky beast (D:5)
  A black bear (D:6)
  An orc warrior (D:5)
  An ice beast (D:7)
  2 centaurs
  2 kobold brigands
  7 bullfrogs
  A wyvern zombie (D:8)
  A water moccasin skeleton (D:5)
  2 scorpions
  Dowan (D:6)
  4 wights (D:9)
  A crimson imp (D:7)
  A howler monkey (D:8)
  A bullfrog zombie (D:9)
  2 centaur zombies
  A bullfrog skeleton (D:4)
  9 hounds
  2 jellies
  A centaur skeleton (D:4)
  4 orc priests
  An iguana (D:6)
  8 orc wizards
  2 worker ants
  A killer bee zombie (D:8)
  A hound zombie (D:6)
  2 hound skeletons
  A howler monkey zombie (D:9)
  A gnoll (D:7)
  13 adders
  5 river rats (Sewer)
  2 shadow imps
  2 white imps
  3 ufetubi
  2 oozes
  An adder skeleton (D:4)
  An adder zombie (D:8)
  3 worms (D:2)
  A dart slug (D:6)
  8 leopard geckos
  18 orcs
  5 bats
  8 giant cockroaches
  5 goblins
  5 hobgoblins
  16 jackals
  18 kobolds
  2 quokkas
  13 ball pythons
  12 frilled lizards
  A leopard gecko skeleton (D:5)
  28 rats
242 creatures vanquished.

Vanquished Creatures (others)
  A wyvern (D:9)
  A goblin (D:3)
  A rat (Sewer)
  4 fungi (D:10)
  3 plants (D:10)
10 creatures vanquished.

Grand Total: 252 creatures vanquished

Notes
Turn   | Place    | Note
-------+----------+-------------------------------------------
     0 | D:1      | Astera the Minotaur Monk began the quest for the Orb.
     0 | D:1      | Reached XP level 1. HP: 19/19 MP: 0/0
   578 | D:1      | Reached XP level 2. HP: 25/27 MP: 1/1
   880 | D:2      | Reached skill level 4 in Long Blades
   882 | D:2      | Reached XP level 3. HP: 16/33 MP: 2/2
  1174 | D:2      | Found a faded altar of an unknown god.
  1201 | D:2      | Became a worshipper of Ru the Awakened
  1218 | D:2      | Gained mutation: You cannot study or use magical devices.
                  | [Ru sacrifice]
  1218 | D:2      | Reached * piety under Ru
  1218 | D:2      | Reached ** piety under Ru
  1402 | D:2      | Reached XP level 4. HP: 38/41 MP: 3/3
  2808 | D:3      | Reached XP level 5. HP: 47/47 MP: 4/4
  3126 | D:3      | Reached skill level 5 in Long Blades
  3372 | D:4      | Found a sparkling altar of Nemelex Xobeh.
  3379 | D:4      | Noticed Eustachio
  3400 | D:4      | Killed Eustachio
  3401 | D:4      | Reached skill level 5 in Fighting
  3401 | D:4      | Reached skill level 6 in Long Blades
  3401 | D:4      | Reached XP level 6. HP: 42/56 MP: 5/5
  3441 | D:4      | Found an opulent altar of Gozag.
  3592 | D:4      | Found a staircase to the Ecumenical Temple.
  3642 | D:4      | Found a glowing drain.
  3662 | Sewer    | Entered a sewer
  3663 | Sewer    | Gained mutation: You are hated by all. [Ru sacrifice]
  3663 | Sewer    | Reached *** piety under Ru
  3698 | Sewer    | Reached XP level 7. HP: 36/61 MP: 6/6
  3991 | Sewer    | Reached skill level 1 in Armour
  4021 | Sewer    | Reached skill level 7 in Long Blades
  4327 | D:4      | Found a stormy altar of Qazlal.
  4337 | D:4      | Noticed Grinder
  4823 | D:4      | Paralysed by Grinder for 3 turns
  4827 | D:4      | Killed Grinder
  5315 | D:5      | Entered Level 5 of the Dungeon
  5399 | D:5      | Reached XP level 8. HP: 71/71 MP: 7/7
  5739 | D:5      | Found Kotapar's Antique Weapon Shop.
  5872 | D:5      | Found a sacrificial altar of Ru.
  5888 | D:5      | Reached skill level 8 in Long Blades
  5914 | D:5      | Found an opulent altar of Gozag.
  5944 | D:5      | Gained mutation: You have somewhat slow reflexes. (EV -5)
                  | [Ru sacrifice]
  5944 | D:5      | Reached **** piety under Ru
  5997 | D:5      | Reached skill level 5 in Dodging
  6245 | D:5      | Found a runed translucent gate.
  6245 | D:5      | Found a runed translucent gate.
  6246 | D:5      | Found a runed translucent gate.
  6246 | D:5      | Noticed iamserjio's ghost (amateur DsTm)
  6476 | D:6      | Noticed Prince Ribbit
  6704 | D:6      | Found a snail-covered altar of Cheibriados.
  7150 | D:6      | Killed Prince Ribbit
  7151 | D:6      | Reached skill level 5 in Armour
  7512 | D:5      | Reached skill level 9 in Long Blades
  7856 | D:6      | Noticed Dowan
  7856 | D:6      | Noticed Duvessa
  8079 | D:6      | Reached XP level 9. HP: 63/79 MP: 8/8
  8204 | D:6      | Killed Dowan
  8243 | D:6      | Killed Duvessa
  8322 | D:7      | Upgraded the game from 0.27-a0-277-g024f7ef292 to
                  | 0.27-a0-334-g52645efa06
  9143 | D:7      | Found an iron altar of Okawaru.
  9160 | D:7      | Gained mutation: You cannot train Dodging skill. [Ru
                  | sacrifice]
  9160 | D:7      | Reached ***** piety under Ru
  9188 | D:7      | Reached skill level 10 in Long Blades
  9427 | D:7      | Found an ancient bone altar of Kikubaaqudgha.
  9428 | D:7      | Found a white marble altar of Elyvilon.
 10304 | D:8      | Found a glowing golden altar of the Shining One.
 10531 | D:8      | Reached skill level 11 in Long Blades
 10537 | D:8      | Found a shadowy altar of Dithmenos.
 10969 | D:9      | Noticed a two-headed ogre
 10982 | D:8      | Killed a two-headed ogre
 10983 | D:8      | Reached XP level 10. HP: 51/90 MP: 9/9
 11170 | D:9      | Found a bloodstained altar of Trog.
 11189 | D:9      | Found a staircase to the Orcish Mines.
 11204 | D:9      | Noticed a two-headed ogre
 11212 | D:9      | Killed a two-headed ogre
 11783 | D:9      | Found a basalt altar of Yredelemnul.
 11977 | D:10     | Entered Level 10 of the Dungeon
 12224 | D:8      | Mangled by a komodo dragon

Illustrated notes

Levels and vault maps discovered:
D:1:      dpeg_arrival_erosion, layout_loops_cross, kennysheep_another_room,
          st_stairs_13, serial_bayou_crossing
D:2:      layout_loops_ring, chequers_ecumenical_altar_twisty,
          minmay_tromino_v4_a
D:3:      layout_basic
D:4:      cheibrodos_thug_alley, layout_loops_ring,
          nicolae_overflow_crystal_walls, kennysheep_mini_moat,
          minmay_temple_entry_large_hall, gup_sewer_entry_pipe, chequers_garden,
          corexii_leaking_fountain, nrook_campfire, columned_hall_lemuel,
          minmay_misc_feat_hallway, nicolae_qazlal_general_emergency,
          uniq_eustachio, uniq_grinder
D:5:      layout_basic, overflow_temple_1_default, ebering_ghost_rock_garden,
          serial_shops, shop, minmay_misc_feat_ornament, minmay_statues_item,
          minmay_door_square, grunt_gozag_breadcrumbs
D:6:      layout_basic, kennysheep_slug_shrine, uniq_duvessa,
          uniq_prince_ribbit1
D:7:      layout_basic, gammafunk_temple_overflow_statue,
          okawaru_altar_gauntlet_db, minmay_fire_ice_demons
D:8:      layout_cave_pools, tso_metal_star, marbit_many_paths,
          grunt_ministairs_6, nicolae_underground_beach
D:9:      layout_long_grid, bloody_trog, lemuel_doored_altar, orc_0_dummy
D:10:     layout_long_grid, grunt_lair_entry_orc_guard_hut, basic_altar,
          serial_shops, shop, minmay_st_funbox

Skill      XL: |  1  2  3  4  5  6  7  8  9 10 |
---------------+-------------------------------+-----
Fighting       | 4 5 6 7 8 9 |  9.2
Long Blades    | 4 6 7 9 11 | 11.9
Stealth        | 2 3 4 |  4.0
Dodging        | 4 5 0 |  0.0
Armour         | 3 6 8 9 |  9.5
Throwing       | |  0.8

Action                   |  1- 3 |  4- 6 |  7- 9 | 10-12 || total
-------------------------+-------+-------+-------+-------++-------
Melee: Falchion          |    40 |   140 |   175 |       ||   355
       Headbutt          |     6 |    35 |   125 |    15 ||   181
       Long sword        |       |       |   269 |       ||   269
       Scimitar          |       |       |    12 |    44 ||    56
Throw: Stone             |       |       |     8 |     1 ||     9
Invok: Sacrifice Artific |     1 |       |       |       ||     1
       Sacrifice Love    |       |     1 |       |       ||     1
       Sacrifice Health  |       |       |     1 |       ||     1
       Sacrifice Nimblen |       |       |     1 |       ||     1
  Use: Scroll            |       |     3 |     3 |     1 ||     7
 Stab: Sleeping          |     3 |     7 |       |       ||    10
       Invisible         |     1 |       |    16 |       ||    17
       Distracted        |       |       |     6 |     1 ||     7
       Paralysed         |       |       |       |     1 ||     1
Armor: Robe              |     6 |     4 |       |       ||    10
       Chain mail        |       |    37 |   188 |    25 ||   250
Dodge: Dodged            |    22 |    95 |   199 |    21 ||   337
       Rpst.: Falchion   |     8 |    21 |    20 |       ||    49
       Long sword        |       |       |    24 |       ||    24
       Scimitar          |       |       |     2 |     5 ||     7

Table legend: (Time is in decaauts)
 A = Elapsed time spent in this place.
 B = Non-inter-level travel time spent in this place.
 C = Inter-level travel time spent in this place.
 D = Time resting spent in this place.
 E = Time spent auto-exploring this place.
 F = Levels seen in this place.
 G = Mean time per level.
                   A        B        C        D        E       F      G
               +--------+--------+--------+--------+--------+-----+--------+
         Total |  12334 |  11798 |    536 |   2336 |   6659 |  11 | 1121.3 |
       Dungeon |  11660 |  11124 |    536 |   2149 |   6537 |  10 | 1166.0 |
         Sewer |    673 |    673 |      0 |    187 |    122 |   1 |  673.0 |
               +--------+--------+--------+--------+--------+-----+--------+

Top non-repeatable levels by time:
     D:5: 2021 daAuts
     D:4: 1614 daAuts
     D:2: 1423 daAuts
     D:8: 1320 daAuts
     D:7: 1286 daAuts
     D:9: 1259 daAuts
     D:3: 995 daAuts
     D:1: 868 daAuts
     D:6: 852 daAuts
   Sewer: 673 daAuts
    D:10: 16 daAuts
